 Dungeon Crawl Stone Soup version 0.30.0-5-g1a98f26d00 (webtiles) character file.

Game seed: 6106811037541919090

25 Implojin the Sneak (level 2, 0/21 HPs)
             Began as a Vampire Hedge Wizard on May 9, 2023.
             Slain by a gnoll
             ... wielding a +0 flail
              (10 damage)
             ... on level 1 of the Dungeon.
             The game lasted 00:03:54 (1305 turns).

Implojin the Sneak (Vampire Hedge Wizard)           Turns: 1305, Time: 00:03:54

Health: 0/21       AC:  2    Str:  9    XL:     2   Next: 86%
Magic:  3/6        EV: 12    Int: 16    God:
Gold:   41         SH:  0    Dex: 13    Spells: 3/7 levels left

rFire   . . .        a - +0 dagger
rCold   . . .        (no shield)
rNeg    . . .        b - +0 robe
rPois   .            c - +0 hat
rElec   .            (no cloak)
rCorr   .            (no gloves)
SInv    +            (no boots)
Will    .....        (no amulet)
Stlth   ++           (no ring)
HPRegen 0.43/turn    (no ring)
MPRegen 0.10/turn

%: no passive effects
@: healing quickly
A: alive, fangs 3, see invisible, vampiric 1
a: Exsanguinate


You were on level 1 of the Dungeon.
You visited 1 branch of the dungeon, and saw 2 of its levels.

You collected 41 gold pieces.

Inventory:

Hand Weapons
 a - a +0 dagger (weapon)
 i - a +0 short sword
Missiles
 j - 8 stones
 n - 4 poisoned darts
Armour
 b - a +0 robe (worn)
 c - a +0 hat (worn)
 h - a +0 helmet
 o - a +0 ring mail
Scrolls
 e - a scroll of amnesia
 f - a scroll of teleportation
 g - 2 scrolls of vulnerability
 k - a scroll of fog
 l - 4 scrolls of identify
 m - a scroll of blinking {unknown}
 p - a scroll of fear {unknown}
Potions
 d - a potion of magic


   Skills:
 * Level 1.4 Fighting
 - Level 2.0 Short Blades
 - Level 2.1 Dodging
 - Level 3.0 Stealth
 - Level 3.0 Spellcasting
 - Level 0.6 Conjurations
 - Level 1.0 Summonings
 - Level 0.7 Translocations


You had 3 spell levels left.
You knew the following spells:

 Your Spells              Type           Power      Damage    Failure   Level
a - Magic Dart            Conj           16%        1d3       14%         1
b - Slow                  Hex            8%         N/A       19%         1
c - Call Imp              Summ           10%        N/A       19%         2

Your spell library contained the following spells:

 Spells                   Type           Power      Damage    Failure   Level
 Blink                    Tloc           8%         N/A       22%         2
 Cigotuvi's Dreadful Rot  Necr/Pois/Air  4%         N/A       28%         2
 Mephitic Cloud           Conj/Pois/Air  3%         N/A       45%         3


Dungeon Overview and Level Annotations

Branches:
Dungeon (2/15)

Altars:

Annotations:
D:2 Jessica


Innate Abilities, Weirdness & Mutations

Your natural rate of healing is accelerated.
You have razor-sharp teeth.
You have supernaturally acute eyesight. (SInv)
You are afflicted with vampirism.


Message History

l - 4 scrolls of identify (gained 1)
A gnoll is nearby!
A gnoll is nearby!
The magic dart hits the gnoll.
The gnoll is lightly wounded.
The gnoll shouts!
Casting: Magic Dart (safe; 14% risk of failure)
Confirm with . or Enter, or press ? or * to list all spells.
Aiming: Slow (safe; 19% risk of failure)
Press: ? - help, Shift-Dir - straight line, f/p - gnoll
Aim: a gnoll, wielding a +0 flail (lightly wounded, chance to affect: 44%)
Okay, then.
Casting: Slow (safe; 19% risk of failure)
Confirm with . or Enter, or press ? or * to list all spells.
A tiny devil pulls itself out of the air.
Your cerulean imp hits the gnoll but does no damage.
The magic dart hits the gnoll.
The gnoll is lightly wounded.
Your cerulean imp hits the gnoll but does no damage.
You closely miss the gnoll.
The gnoll is lightly wounded.
The gnoll hits you with a +0 flail.
You hit the gnoll.
The gnoll is moderately wounded.
Your cerulean imp closely misses the gnoll.
The gnoll hits you with a +0 flail!
Danger: Low HP Warning |T2| Reason: 42% HP (9/21)
Your cerulean imp hits the gnoll but does no damage.
Danger: Low HP Warning |T2| Reason: 47% HP (10/21) Unknown command.
You hit the gnoll. You bite the gnoll.
The gnoll is severely wounded.
Your cerulean imp hits the gnoll but does no damage.
The gnoll hits your cerulean imp with a +0 flail!
Danger: Low HP Warning |T2| Reason: 47% HP (10/21)
You hit the gnoll.
The gnoll is almost dead.
Your cerulean imp closely misses the gnoll.
The gnoll hits you with a +0 flail!
You die...

...###............g###########.#.
..................>.........##.#.
###.##.###########.########.##.#.
#.##.# #.# #.##.#. #.##.# #.#
#.##g#. ..##.# #.# #.##.#.
######.###########.########.##.#.
.....#.#....................##.#.
.....#.#........@g5..#########.#.
.....# #.......................#.
...^.# #.#########.#.###########.
.....# #.#.........#.............
.....# #.#.######..######.#.#####
.....#+#.#..............#.#.#
..†......#.........####.#.#.#
.........##.............#.#.#
####.....#..................#


You could see a gnoll (ally target) and a friendly cerulean imp (summoned).

Vanquished Creatures
  A dart slug (D:1)
  3 ball pythons (D:1)
  A bat (D:1)
  4 endoplasms
  2 giant cockroaches (D:1)
  A goblin (D:1)
  A hobgoblin (D:1)
  2 jackals (D:1)
  A frilled lizard (D:1)
  A kobold (D:2)
  4 rats
21 creatures vanquished.

Notes
Turn   | Place    | Note
-------+----------+-------------------------------------------
     0 | D:1      | Implojin the Vampire Hedge Wizard began the quest for the
                  | Orb.
     0 | D:1      | Reached XP level 1. HP: 13/13 MP: 4/4
     2 | D:1      | Learned a level 1 spell: Slow
   174 | D:1      | Reached skill level 1 in Short Blades
   329 | D:1      | Reached XP level 2. HP: 15/19 MP: 0/6
   465 | D:1      | Danger: Low HP Warning |T2| Reason: 57% HP (11/19)
   709 | D:1      | Reached skill level 1 in Fighting
   897 | D:2      | Noticed Jessica
   898 | D:2      | Danger: Jessica |T2| Reason: Slow and low Will, careful
   898 | D:2      | Danger: Jessica |T2| Reason: Unique monster, careful!
   905 | D:2      | Danger: Jessica |T2| Reason: Slow and low Will, careful
   905 | D:2      | Danger: Jessica |T2| Reason: Unique monster, careful!
   907 | D:2      | Danger: Jessica |T2| Reason: Slow and low Will, careful
   907 | D:2      | Danger: Jessica |T2| Reason: Unique monster, careful!
   964 | D:2      | Learned a level 2 spell: Call Imp
  1303 | D:1      | Danger: Low HP Warning |T2| Reason: 42% HP (9/21)
  1304 | D:1      | Danger: Low HP Warning |T2| Reason: 47% HP (10/21)
  1305 | D:1      | Danger: Low HP Warning |T2| Reason: 47% HP (10/21)
  1305 | D:1      | Slain by a gnoll

Illustrated notes

Levels and vault maps discovered:
D:1:      saegor_arrival_simple_b, layout_basic
D:2:      layout_loops_ring, uniq_jessica

Skill      XL: |  1  2 |
---------------+-------+-----
Short Blades   | 1 2 |  2.0
Fighting       | 1 |  1.4
Dodging        | |  2.1
Stealth        | |  3.0
Spellcasting   | |  3.0
Conjurations   | |  0.6
Summonings     | |  1.0
Translocations | |  0.7

Action                     || total
---------------------------++-------
  Melee: Dagger            ||    33
         Bite              ||     7
   Cast: Magic Dart        ||    51
         Call Imp          ||     1
    Use: Scroll            ||     5
   Stab: Sleeping          ||     1
 Armour: Robe              ||     2
  Dodge: Dodged            ||    20
